[Event "Early-Titled-Tuesday-Blitz-October-17-2023"]
[Site "Chess.com"]
[Date "2023.10.17"]
[Round "7"]
[White "ProfessorChess101"]
[Black "alexrustemov"]
[Result "0-1"]
[WhiteElo "2562"]
[BlackElo "2804"]
[TimeControl "180+1"]
[EndTime "9:21:08 PDT"]
[Termination "alexrustemov won by resignation"]

1. e4 e6 2. d4 d5 3. Nc3 dxe4 4. Nxe4 Bd7 5. Nf3 Bc6 6. Bd3 Nd7 7. O-O Ngf6 8. Ng3 Be7 9. Qe2 Bxf3 10. Qxf3 c6 11.
Re1 O-O 12. Bf4 Nd5 13. Rad1 Nxf4 14. Qxf4 Nf6 15. c3 Bd6 16. Qf3 Bxg3 17. hxg3 Qd5 18.
a3 Qxf3 19. gxf3 h5 20. Kg2 g6 21. Re5 Kg7 22. a4 a5 23. Be4 Nd7 24. Rg5 f5 25. Bc2 Nf6 26. f4 Nh7 27. Re1 Rfe8 28. Bb3 Kf6 29.
Re5 Nxg5 30. fxg5+ Kxg5 31. Kh3 Kf6 32. f4 b6 33. Kh4 Rac8 34. Bc4 c5 35. Bb5 Red8 36.
Bc4 Rd6 37. d5 exd5 38. Bxd5 Rc7 39. c4 Re7 40. Rxe7 Kxe7 41. Kg5 Kf8 42. Kh6 Rf6 43. Kh7 Rd6 44. b3 Rd7+ 45. Kh6 Re7 46. Kxg6 Re3 47. Kxh5 Rxg3 48. Bc6 Ke7 49. Kh6 Kf6 0-1

[Event "Early-Titled-Tuesday-Blitz-October-17-2023"]
[Site "Chess.com"]
[Date "2023.10.17"]
[Round "7"]
[White "Kostukov_Alex"]
[Black "MdSharifHossain"]
[Result "0-1"]
[WhiteElo "2365"]
[BlackElo "2216"]
[TimeControl "180+1"]
[EndTime "9:21:08 PDT"]
[Termination "MdSharifHossain won by checkmate"]

1. g3 d5 2. Bg2 c6 3. d3 Nf6 4. e4 e5 5. Qe2 Bd6 6. Nf3 O-O 7. O-O d4 8. a4 Kh8 9. Na3 Ng8 10. Nc4 Be6 11.
Ncxe5 f5 12. Ng5 Qf6 13. Qh5 Nh6 14. Nxe6 Qxe6 15. Bxh6 Bxe5 16. Bd2 f4 17. Bh3 Qf6 18.
gxf4 Bxf4 19. Bxf4 Qxf4 20. Qg4 Qd2 21. Qd1 Qh6 22. Bg2 Nd7 23. Qc1 Rf4 24. Qd2 Ne5 25.
Kh1 Raf8 26. h3 Nf3 27. Qe2 Nh4 28. Kh2 R8f6 29. f3 Rg6 30. Rg1 Qg5 31. Bh1 Qe5 32. Rg3 Rxf3 33. Rg1 Rgxg3 34. Bxf3 Nxf3+ 35. Kh1 Rxg1# 0-1

[Event "Early-Titled-Tuesday-Blitz-October-17-2023"]
[Site "Chess.com"]
[Date "2023.10.17"]
[Round "7"]
[White "js20000"]
[Black "suyu28"]
[Result "1-0"]
[WhiteElo "2892"]
[BlackElo "2740"]
[TimeControl "180+1"]
[EndTime "9:21:09 PDT"]
[Termination "js20000 won on time"]

1. Nf3 Nf6 2. c4 e6 3. e3 d5 4.
Nc3 b6 5. d4 Bd6 6. Bd3 Bb7 7.
b3 a6 8. O-O O-O 9. Qc2 Nbd7 10. e4 dxe4 11. Nxe4 Nxe4 12. Bxe4 Bxe4 13. Qxe4 Nf6 14.
Qh4 c5 15. Bg5 Be7 16. Rad1 h6 17. dxc5 hxg5 18. Nxg5 Qc7 19. Rd3 Nh5 20. Qxh5 Bxg5 21. Qxg5 Qxc5 22. Qxc5 bxc5 23. Rfd1 a5 24. a4 Rab8 25.
Kf1 Rb6 26. Re3 Rfb8 27. Rdd3 g6 28. Ke2 Kg7 29. Kd2 Kf6 30. f4 R6b7 31. Kc2 Rh8 32. h3 Rh4 33. g4 Ke7 34. Re5 Rc7 35. Kd2 Rc8 36. Ke2 f6 37. Ree3 Rch8 38. Kf2 Rc8 39. Kg2 Rhh8 40. f5 gxf5 41. gxf5 e5 42. Rg3 Rcg8 43. Rg6 Rxg6+ 44. fxg6 f5 45. Rd5 Kf6 46.
Rxc5 Rg8 47. Rc6+ Kg5 48. c5 Kf4 49. Re6 e4 50. c6 Ke3 51. c7 f4 52. Kh2 f3 53. g7 f2 54. Rf6 Ke2 55. h4 e3 56. Rf8 f1=Q 57. c8=Q Rxf8 58. gxf8=Q 1-0

[Event "Early-Titled-Tuesday-Blitz-October-17-2023"]
[Site "Chess.com"]
[Date "2023.10.17"]
[Round "7"]
[White "Goryachkina"]
[Black "topin8"]
[Result "1-0"]
[WhiteElo "2649"]
[BlackElo "2493"]
[TimeControl "180+1"]
[EndTime "9:21:09 PDT"]
[Termination "Goryachkina won on time"]

1. e4 e5 2. Nf3 Nc6 3. Nc3 Nf6 4.
d4 exd4 5. Nxd4 Bb4 6. Nxc6 bxc6 7. Bd3 d5 8. exd5 cxd5 9. O-O O-O 10. h3 c6 11. Qf3 Bd6 12. Bf4 Rb8 13. b3 Qc7 14. Bxd6 Qxd6 15. Rad1 Qe5 16. Rfe1 Qd6 17. Ne2 g6 18. c4 Kg7 19. cxd5 cxd5 20. Nd4 Bd7 21. Re3 Rfe8 22. Rde1 Rxe3 23. fxe3 Re8 24. Rf1 Re7 25. Qf2 Qe5 26. Re1 Ne4 27. Bxe4 Qxe4 28. Qb2 Kg8 29. Qa3 Qe5 30. Nf3 Qf6 31. Kf2 Re8 32. Qxa7 Bb5 33.
Qd4 Qa6 34. a4 Bc6 35. Rc1 Bb7 36. Rc7 Ba8 37. Qf4 Qe6 38. Nd4 1-0

[Event "Early-Titled-Tuesday-Blitz-October-17-2023"]
[Site "Chess.com"]
[Date "2023.10.17"]
[Round "7"]
[White "pankajfm"]
[Black "noblerone"]
[Result "0-1"]
[WhiteElo "2148"]
[BlackElo "2515"]
[TimeControl "180+1"]
[EndTime "9:21:10 PDT"]
[Termination "noblerone won on time"]

1. e4 d5 2. exd5 Qxd5 3. Nc3 Qd8 4. d4 Nf6 5. Bc4 a6 6. h3 b5 7. Bb3 c5 8. Qf3 Ra7 9. dxc5 e6 10. Be3 Bb7 11. Qe2 Nc6 12. Nf3 Be7 13. Rd1 Qc7 14. O-O O-O 15. Rd2 Raa8 16. Rfd1 Rad8 17. a3 h6 18. Ba2 b4 19. axb4 Nxb4 20. Bb3 Rxd2 21.
Rxd2 Bxc5 22. Qc4 Bxf3 23. Bxc5 Bd5 24. Qxb4 Rb8 25. Qa3 Bxb3 26. Bd6 Qd8 27. cxb3 Ra8 28. Bf4 Qb6 29. Na4 Qb5 30. Nc3 Qf5 31. Bg3 h5 32. Qd6 a5 33. Qe5 Qg6 0-1

[Event "Early-Titled-Tuesday-Blitz-October-17-2023"]
[Site "Chess.com"]
[Date "2023.10.17"]
[Round "7"]
[White "mary-sanna"]
[Black "Jojo_898"]
[Result "0-1"]
[WhiteElo "2166"]
[BlackElo "2349"]
[TimeControl "180+1"]
[EndTime "9:21:11 PDT"]
[Termination "Jojo_898 won by resignation"]

1. d4 Nf6 2. c4 e6 3. Nf3 b6 4. g3 Bb7 5. Bg2 d5 6. O-O Be7 7. Nc3 O-O 8. Qd3 c5 9. cxd5 exd5 10. dxc5 bxc5 11. Bg5 d4 12. Na4 Qa5 13. b3 Nbd7 14. Rfc1 Rac8 15. Nb2 Be4 16. Qc4 Nb6 17. b4 Nxc4 18.
bxa5 Nxb2 19. Nd2 Bxg2 20. Kxg2 c4 21. a4 c3 22. Nb3 Rfd8 23. Rab1 h6 24. Bf4 d3 25.
exd3 Nxd3 26. Rc2 Nb4 27. Re2 c2 28. Rc1 Nfd5 29. Bd2 Bf6 30. a6 Bb2 31. Rce1 Nd3 32. Rf1 c1=Q 33. Nxc1 Bxc1 34. Ba5 Rd6 35. Rd1 Nf6 36. Re7 Rxa6 37. Rxd3 Rxa5 38. Rb3 Nd5 39. Rd7 Nb6 40. Re7 Rxa4 41. h4 Ba3 42. Rb7 Bc5 43. Rf3 f6 44. h5 Ra2 45. Rd7 Re8 46. Rc7 Re5 47. g4 Nd5 48. Rc8+ Kh7 49. Rxc5 Nf4+ 50.
Rxf4 Rxc5 51. Kg3 Rc3+ 52. f3 Raa3 53. Rf5 Rxf3+ 54. Rxf3 Rxf3+ 55. Kxf3 g6 56. Ke4 gxh5 57. gxh5 Kg7 58. Kd5 Kf7 59. Kc6 f5 60. Kb7 f4 61.
Kxa7 f3 62. Kb6 f2 0-1

[Event "Early-Titled-Tuesday-Blitz-October-17-2023"]
[Site "Chess.com"]
[Date "2023.10.17"]
[Round "7"]
[White "MidnightFox"]
[Black "Doomfist26"]
[Result "0-1"]
[WhiteElo "2476"]
[BlackElo "2623"]
[TimeControl "180+1"]
[EndTime "9:21:12 PDT"]
[Termination "Doomfist26 won on time"]

1. d4 Nf6 2. c4 e6 3. g3 Bb4+ 4. Nd2 Be7 5. Bg2 O-O 6. Ngf3 d5 7. O-O c6 8. Qc2 b6 9. b3 Bb7 10. Bb2 Nbd7 11. e4 dxe4 12. Nxe4 Rc8 13. Rad1 Nxe4 14. Qxe4 Nf6 15. Qc2 Qc7 16. h4 Rfd8 17. Rfe1 c5 18. d5 exd5 19. Be5 Qd7 20. Ng5 g6 21. cxd5 Ng4 22. Bf4 c4 23. bxc4 b5 24. Qe2 Bc5 25. Ne4 f5 26. Nxc5 Rxc5 27. cxb5 Qxb5 28. Qe6+ Kh8 29. f3 Bxd5 30. Qe7 Qb6 31. fxg4 Rc2+ 32. Be3 Rxg2+ 33. Kh1 Re2+ 34. Rxd5 Rxe1+ 35. Kg2 Qb2+ 36. Bf2 Rxe7 37. Rxd8+ Kg7 38. gxf5 gxf5 39. Kg1 Qa1+ 40. Kh2 Re2 41. Kg2 Qxa2 42. Rd7+ Kf6 43. Rd6+ Ke7 0-1

[Event "Early-Titled-Tuesday-Blitz-October-17-2023"]
[Site "Chess.com"]
[Date "2023.10.17"]
[Round "7"]
[White "Aslanov_Umid"]
[Black "ChessPromotionAlex"]
[Result "1-0"]
[WhiteElo "2538"]
[BlackElo "2608"]
[TimeControl "180+1"]
[EndTime "9:21:13 PDT"]
[Termination "Aslanov_Umid won on time"]

1. e4 c5 2. Nf3 d6 3. d4 cxd4 4.
Nxd4 Nf6 5. Nc3 a6 6. h3 e6 7. g4 h6 8. Be3 b5 9. a3 Bb7 10. Bg2 Nbd7 11. Nb3 Qc7 12. Qd2 Ne5 13. Qe2 Nc4 14. Bc1 Be7 15. Nd2 Nb6 16. f4 Nfd7 17. O-O O-O 18. Nf3 Rfe8 19. Kh1 Qc4 20. Qf2 Qc7 21.
Rd1 Rac8 22. Nd4 Bf8 23. f5 Ne5 24. g5 hxg5 25. Bxg5 Nbc4 26. Bc1 Qb6 27. b3 Nxa3 28. Bb2 b4 29. Na4 Qc7 30. fxe6 fxe6 31. Rg1 Re7 32.
Rac1 Rce8 33. Nf3 Nxf3 34. Bxf3 Nb5 35. Bh5 Rc8 36. Rg4 Nc3 37. Nxc3 bxc3 38. Ba3 Qa5 39. Rf1 Qxa3 40. Bf7+ 1-0

[Event "Early-Titled-Tuesday-Blitz-October-17-2023"]
[Site "Chess.com"]
[Date "2023.10.17"]
[Round "7"]
[White "GeorgiosSouleidis"]
[Black "WindWhistler11"]
[Result "1-0"]
[WhiteElo "2615"]
[BlackElo "2462"]
[TimeControl "180+1"]
[EndTime "9:21:13 PDT"]
[Termination "GeorgiosSouleidis won by checkmate"]

1. e4 e6 2. d4 d5 3. Nc3 Bb4 4. Ne2 Ne7 5. a3 Ba5 6. b4 Bb6 7.
e5 a5 8. Na4 axb4 9. axb4 Bd7 10. c3 O-O 11. Bg5 Bxa4 12. Rxa4 Rxa4 13. Qxa4 f6 14.
exf6 gxf6 15. Bh6 Re8 16. Ng3 e5 17. Be3 Ng6 18. Bb5 c6 19. Be2 Nf4 20. O-O Ne6 21. dxe5 fxe5 22. Bh5 Rf8 23. Bg4 Nf4 24. Qc2 Qg5 25.
Qd2 Bxe3 26. fxe3 Ng6 27. Rxf8+ Nxf8 28. Bc8 Qe7 29. Qe2 Ng6 30. Qg4 Na6 31. Nf5 Qf6 32. h4 Kf8 33. Bxb7 Nc7 34. h5 Nh8 35. h6 Ne8 36. Bc8 Ng6 37. Bd7 Nc7 38. Ng7 Ke7 39.
Bc8 Kd6 40. Qd7# 1-0

[Event "Early-Titled-Tuesday-Blitz-October-17-2023"]
[Site "Chess.com"]
[Date "2023.10.17"]
[Round "7"]
[White "Susal_De_Silva"]
[Black "Ural_bogatyr"]
[Result "0-1"]
[WhiteElo "2660"]
[BlackElo "2544"]
[TimeControl "180+1"]
[EndTime "9:21:15 PDT"]
[Termination "Ural_bogatyr won by resignation"]

1. Nf3 d5 2. e3 Nf6 3. c4 e6 4. b3 c5 5. Bb2 Nc6 6. Nc3 d4 7. exd4 cxd4 8. Ne2 e5 9. d3 Bg4 10.
Ng3 Bb4+ 11. Ke2 O-O 12. h3 Bh5 13. a3 Bc3 14. Qc1 Bxb2 15. Qxb2 Bg6 16. Nd2 Nh5 17. Kd1 Nf4 18. Qc2 a5 19. Nf3 f5 20. Qd2 Qd6 21.
Ne2 Nxe2 22. Bxe2 e4 23. Nh4 Be8 24. g4 f4 25. dxe4 d3 26. Qxd3 Qf6 27. e5 Qxh4 28. Qd5+ Bf7 29. e6 Rad8 30. exf7+ Rxf7 31. Bf3 Kf8 32. Ke2 Rxd5 33. Bxd5 Re7+ 34. Kf1 Ne5 35. Kg2 f3+ 36. Kg1 Nd3 37. Rh2 Qf6 38. Rf1 Qf4 39. Rh1 Re1 40. Rxe1 Nxe1 41. b4 Nd3 42. bxa5 Nc5 43. a4 Ke7 44. Bg8 h5 45. gxh5 Qg5+ 0-1

[Event "Early-Titled-Tuesday-Blitz-October-17-2023"]
[Site "Chess.com"]
[Date "2023.10.17"]
[Round "7"]
[White "Hambardzumyan_Yuri"]
[Black "DTChess"]
[Result "0-1"]
[WhiteElo "2355"]
[BlackElo "2586"]
[TimeControl "180+1"]
[EndTime "9:21:16 PDT"]
[Termination "DTChess won on time"]

1. e4 e5 2. Nf3 Nc6 3. Nc3 g6 4. d4 exd4 5. Nxd4 Bg7 6. Be3 Nge7 7.
Qd2 O-O 8. O-O-O d5 9. exd5 Nxd5 10. Nxc6 bxc6 11. Nxd5 cxd5 12. Qxd5 Be6 13. Qxd8 Rfxd8 14. Ba6 Rd6 15. Rxd6 cxd6 16. Rd1 d5 17. Bd4 Bh6+ 18.
Be3 Bg7 19. c3 Rb8 20. Bd4 Bh6+ 21. Kc2 Bf4 22. g3 Bc7 23. b4 Bb6 24. a4 h5 25. a5 Bxd4 26. Rxd4 Kf8 27. b5 Ke7 28. Rb4 Kd6 29. Kd3 Kc5 30. Ke3 g5 31. h4 f6 32.
Rb1 Bd7 33. hxg5 fxg5 34. Kd2 h4 35. gxh4 gxh4 36. Rh1 h3 37. f4 Rg8 38. Ke3 Rg3+ 39. Kf2 Rxc3 40. Rg1 Bf5 41. Rh1 Be4 42. Rh2 Bf5 43.
Rh1 d4 44. Rh2 Be4 45. Bc8 Rf3+ 46. Ke2 Re3+ 47. Kd2 Bg2 48. f5 Kd6 49. f6 Rb3 50. b6 axb6 51. a6 Ra3 52. Bb7 Ke6 53. Kc2 d3+ 54. Kb2 d2 55. Rh1 Bxh1 56. f7 Kxf7 0-1

[Event "Early-Titled-Tuesday-Blitz-October-17-2023"]
[Site "Chess.com"]
[Date "2023.10.17"]
[Round "7"]
[White "LangesNasenhaar"]
[Black "fu24"]
[Result "1/2-1/2"]
[WhiteElo "2504"]
[BlackElo "2647"]
[TimeControl "180+1"]
[EndTime "9:21:17 PDT"]
[Termination "Game drawn by repetition"]

1. d4 g6 2. Nf3 Bg7 3. e4 d6 4. c3 a6 5. Bd3 Nd7 6. O-O c5 7.
Re1 Qc7 8. Nbd2 b5 9. e5 dxe5 10.
dxe5 e6 11. Ne4 h6 12. Nd6+ Kf8 13. Bf4 Ne7 14. h3 Bb7 15. Be4 Bxe4 16. Rxe4 Rd8 17. Qe2 Nb6 18. Rd1 Nbd5 19. Bg3 c4 20. Nd4 Nf5 21. N4xf5 gxf5 22. Red4 Qc6 23. Qh5 Rxd6 24. exd6 Bxd4 25. Rxd4 Kg7 26. Be5+ f6 27. Bh2 a5 28. Qd1 h5 29. Qe2 Kf7 30. Qf3 Kg6 31. Bg3 b4 32. h4 bxc3 33. bxc3 Rb8 34. Kh2 Rb2 35. Bf4 Rxa2 36.
Qg3+ Kf7 37. Qf3 Kf8 38. Qxh5 Nxf4 39. Rxf4 Qxd6 40. Qh8+ Ke7 41. Qg7+ Ke8 42. g3 Ra1 43. Rd4 Qc6 44. Qg8+ Ke7 45. Qg7+ Ke8 46. Qg6+ Ke7 47. Qg7+ Ke8 1/2-1/2

[Event "Early-Titled-Tuesday-Blitz-October-17-2023"]
[Site "Chess.com"]
[Date "2023.10.17"]
[Round "7"]
[White "destruyeabuelitas"]
[Black "MerryPoppies"]
[Result "1-0"]
[WhiteElo "2360"]
[BlackElo "2138"]
[TimeControl "180+1"]
[EndTime "9:21:17 PDT"]
[Termination "destruyeabuelitas won by resignation"]

1. e4 e5 2. Nf3 Nc6 3. Bc4 Bc5 4. c3 Nf6 5. d4 exd4 6. e5 d5 7.
Bb5 Ne4 8. cxd4 Bb4+ 9. Kf1 O-O 10. Qa4 a5 11. a3 Be7 12. Be3 Bg4 13. Nbd2 f6 14.
Bxc6 Nxd2+ 15. Nxd2 bxc6 16. Qxc6 fxe5 17. dxe5 Rb8 18. b3 Kh8 19. Bd4 Bg5 20. Qc2 Bxd2 21. Qxd2 Rxb3 22. h3 Bh5 23. Rc1 Qb8 24. Qxa5 Rb1 25.
Qe1 Qb5+ 26. Kg1 Rxc1 27. Qxc1 Qe2 28. Kh2 Qe4 29. Qe3 Qf5 30. e6 Re8 31. e7 Bf7 32.
Re1 Qd7 33. Qe5 Qd6 34. Qxd6 cxd6 35. a4 Kg8 36. a5 Ra8 37. Bb6 Be8 38. Bd8 Kf7 39.
f4 Rc8 40. a6 Bc6 41. a7 Ke8 42. g4 Ra8 43. Bb6 Kd7 44. f5 d4 45. g5 d3 46. f6 gxf6 47. gxf6 d2 48. Rd1 Ke6 49. Rxd2 Rg8 50. Rf2 Kf7 51. Bd8 d5 52. Rc2 Bb7 53. Rc7 Ba8 54. Rc8 Bb7 55. a8=Q Bxa8 56. Rxa8 d4 57. Ra4 d3 58. Rd4 Kxf6 59. e8=Q+ 1-0

[Event "Early-Titled-Tuesday-Blitz-October-17-2023"]
[Site "Chess.com"]
[Date "2023.10.17"]
[Round "7"]
[White "bascheyaro"]
[Black "Harry_Rakkel"]
[Result "0-1"]
[WhiteElo "2828"]
[BlackElo "2718"]
[TimeControl "180+1"]
[EndTime "9:21:18 PDT"]
[Termination "Harry_Rakkel won on time"]

1. d4 Nf6 2. Nf3 e6 3. Bf4 b6 4.
e3 Bb7 5. Nbd2 d6 6. a4 a5 7. Bb5+ Nbd7 8. O-O g6 9. Qe2 Bg7 10. c3 O-O 11. h3 Qe7 12. e4 e5 13. dxe5 dxe5 14. Bg5 h6 15. Bh4 Nc5 16. Rfe1 Rfd8 17. Bxf6 Qxf6 18. b4 Ne6 19. Qe3 Bf8 20.
Reb1 axb4 21. cxb4 c5 22. Nc4 cxb4 23. Ncxe5 Bc5 24. Qxh6 Bxe4 25. Re1 Bxf3 26. Nxf3 Rd5 27. Rad1 Rh5 28. Qc1 Ng5 29. Rd3 Nxf3+ 30. Rxf3 Rf5 31. Rxf5 Qxf5 32. Qd2 Kh7 33. Re2 Ra7 34. Qd8 Re7 35. Qd1 b3 36. Bd3 Qf4 37. Kf1 Rxe2 38. Qxe2 Qc1+ 39. Qe1 b2 40. g3 Bb4 0-1

[Event "Early-Titled-Tuesday-Blitz-October-17-2023"]
[Site "Chess.com"]
[Date "2023.10.17"]
[Round "7"]
[White "AndresDelgado77"]
[Black "Emeraldddd"]
[Result "0-1"]
[WhiteElo "2346"]
[BlackElo "2540"]
[TimeControl "180+1"]
[EndTime "9:21:19 PDT"]
[Termination "Emeraldddd won on time"]

1. e4 c5 2. Nf3 e6 3. c3 Nf6 4.
Bd3 d5 5. e5 Nfd7 6. Bc2 d4 7.
b4 dxc3 8. Nxc3 cxb4 9. Ne4 Qa5 10. O-O Nxe5 11. Nxe5 Qxe5 12. Rb1 Nc6 13. Bb2 Qa5 14. Qg4 Bd7 15. Bxg7 Bxg7 16. Qxg7 O-O-O 17. Qxf7 Rdf8 18. Qg7 Qd5 19. Qg3 Rhg8 20. Qd6 Qxd6 21. Nxd6+ Kc7 22. Nc4 b5 23. Ne3 a5 24. Be4 Nd4 25. Rfc1+ Kb6 26. Kf1 Rc8 27. h3 Rxc1+ 28. Rxc1 Rc8 29. Rxc8 Bxc8 30.
Bxh7 a4 31. Ke1 a3 32. Bc2 e5 33. Bb3 Kc5 34. Nc2 Nxc2+ 35. Bxc2 Be6 36. Bb1 b3 37. axb3 Bxb3 38. Ke2 a2 39. Bxa2 Bxa2 40. d3 b4 41. Kd2 Kd4 42. g3 b3 43. Kc1 Kc3 0-1

[Event "Early-Titled-Tuesday-Blitz-October-17-2023"]
[Site "Chess.com"]
[Date "2023.10.17"]
[Round "7"]
[White "a-z30"]
[Black "MDBIchess"]
[Result "1-0"]
[WhiteElo "2491"]
[BlackElo "2323"]
[TimeControl "180+1"]
[EndTime "9:21:25 PDT"]
[Termination "a-z30 won by checkmate"]

1. d4 c5 2. c3 d5 3. Nf3 Nf6 4. g3 Nbd7 5. Bg2 b6 6. O-O Bb7 7. Qa4 e6 8. Ne5 Be7 9. Nc6 Bxc6 10. Qxc6 O-O 11. Bf4 Rc8 12. Qa4 Nh5 13. Be3 Qc7 14. Na3 Qb7 15. c4 cxd4 16. Bxd4 Bf6 17. cxd5 exd5 18. Rad1 Nc5 19. Bxc5 Rxc5 20. b4 b5 21. Qa5 Bd8 22. Qxd8 Rxd8 23. bxc5 Nf6 24. e4 b4 25. Nc2 b3 26. axb3 Qxb3 27. Nd4 Qc4 28. Nc6 Re8 29.
exd5 Qxc5 30. d6 Nd7 31. Ne7+ Kh8 32. Bh3 Qb5 33. Rfe1 g6 34. Nxg6+ Kg7 35. Rxe8 hxg6 36. Re7 Ne5 37. Rxe5 Qa4 38. Red5 Qe8 39. d7 Qd8 40. Rc5 a5 41. Rc8 Qf6 42. d8=Q Qxd8 43. Rdxd8 g5 44. Rd7 g4 45. Rcc7 gxh3 46. Rxf7+ Kg6 47.
Rf4 Kg5 48. Rc5+ Kg6 49. Rd4 Kg7 50. Rd6 Kh7 51. Rc7+ Kh8 52. Rd8# 1-0

[Event "Early-Titled-Tuesday-Blitz-October-17-2023"]
[Site "Chess.com"]
[Date "2023.10.17"]
[Round "7"]
[White "andrzej"]
[Black "karinachess1"]
[Result "0-1"]
[WhiteElo "2482"]
[BlackElo "2616"]
[TimeControl "180+1"]
[EndTime "9:21:28 PDT"]
[Termination "karinachess1 won by checkmate"]

1. e4 e5 2. Nf3 Nc6 3. Bb5 Nf6 4. d3 d6 5. O-O g6 6. d4 Bd7 7. d5 Ne7 8. Bxd7+ Qxd7 9. Re1 Bg7 10. c4 O-O 11. Nc3 c6 12. Qa4 a6 13. dxc6 bxc6 14. Rd1 Qc7 15. Qa3 Rfd8 16. h3 Nh5 17. Be3 h6 18. Rac1 c5 19. g3 Nf6 20. Kg2 Qb7 21. Nd2 Nf5 22. Re1 Nd4 23. b3 Kh7 24. f3 Rdb8 25.
g4 Nd7 26. Nd5 Nf8 27. Bxd4 exd4 28. Qb2 Re8 29. Qc2 Nd7 30. Rcd1 Nf6 31. Nxf6+ Bxf6 32.
Nf1 a5 33. a4 Rab8 34. Rd3 Be5 35. Red1 Qe7 36. Qf2 Qg5 37. f4 Bxf4 38. Rf3 Rxe4 39. Ng3 Bxg3 40. Rxf7+ Kg8 41. Kxg3 Qe5+ 42. Kg2 Re2 43.
Rf1 Rxf2+ 44. R1xf2 Qe4+ 45. Kg3 Rxb3+ 46. Kh2 Qe5+ 47.
Kg1 Qg3+ 48. Kf1 Rb1+ 49. Ke2 Qe3# 0-1

[Event "Early-Titled-Tuesday-Blitz-October-17-2023"]
[Site "Chess.com"]
[Date "2023.10.17"]
[Round "7"]
[White "viktorgen2021"]
[Black "Zavgorodniy_Sergiy"]
[Result "1-0"]
[WhiteElo "2418"]
[BlackElo "2641"]
[TimeControl "180+1"]
[EndTime "9:21:28 PDT"]
[Termination "viktorgen2021 won on time"]

1. Nf3 Nf6 2. c4 d6 3. g3 e5 4.
d3 Be7 5. Bg2 O-O 6. O-O c6 7.
Nc3 h6 8. Rb1 Be6 9. b4 Nbd7 10.
b5 d5 11. bxc6 bxc6 12. Qa4 Nc5 13. Qc2 d4 14. Na4 Ncd7 15. Nd2 Qc7 16. Ne4 Nxe4 17. Bxe4 Rab8 18. Bd2 f5 19. Bg2 Nf6 20. Rxb8 Rxb8 21. Rb1 c5 22. Rb5 Bd7 23. Ba5 Qd6 24. Rb7 Rxb7 25.
Bxb7 e4 26. Nb2 e3 27. Nd1 f4 28. Be1 g5 29. Qb3 h5 30. Bg2 Bd8 31. Qb7 a6 32. Qa8 Ba4 33. Nb2 Be8 34. Nd1 Kg7 35. Nb2 Kg6 36.
Qb7 Bc7 37. h4 gxh4 38. gxh4 Bd7 39. Qa8 Bb8 40. Nd1 Ng4 41. Qe4+ Bf5 42. Qe8+ Kg7 43.
Qxh5 Nh6 44. Qg5+ Kh7 45. h5 Qe6 46. Bd5 1-0

[Event "Early-Titled-Tuesday-Blitz-October-17-2023"]
[Site "Chess.com"]
[Date "2023.10.17"]
[Round "7"]
[White "GMJustin"]
[Black "ajedrezhoy"]
[Result "0-1"]
[WhiteElo "2178"]
[BlackElo "2381"]
[TimeControl "180+1"]
[EndTime "9:21:28 PDT"]
[Termination "ajedrezhoy won on time"]

1. d4 c5 2. d5 Nf6 3. c4 e6 4. Nc3 exd5 5. cxd5 d6 6. Nf3 g6 7. Nd2 Bg7 8. e4 O-O 9. Be2 Re8 10. O-O a6 11. a4 Nbd7 12. Re1 Qc7 13. Bf1 Rb8 14. Nc4 b5 15. axb5 axb5 16. Na5 b4 17. Nb5 Rxb5 18.
Bxb5 Rxe4 19. Rxe4 Nxe4 20. Nc4 Ne5 21. Qe2 f5 22. f3 Nxc4 23. Bxc4 Bd4+ 24. Kf1 Nf6 25. Ra8 Kg7 26. Rxc8 Qxc8 27. Qe7+ Kg8 28. Qxd6 Qd7 29. Qe6+ Qxe6 30. dxe6 Kf8 31. Bf4 Ke7 32. Ke2 Bxb2 33.
Kd3 Ne8 34. Be3 Bd4 35. Bxd4 cxd4 36. Kxd4 Nc7 37. Ke5 Ne8 38. g4 fxg4 39. fxg4 Nd6 40. Bb3 Nb7 41. Kd5 Nd8 42. Kc5 Nxe6+ 43. Kxb4 Nd4 44. Bc4 Nf3 45. h3 Kf6 46. Kc3 Kg5 47.
Bg8 h6 48. Kd3 Ng1 49. Ke3 Nxh3 50. Kf3 Nf4 51. Bf7 Nd3 52. Be6 Ne5+ 53. Kg3 Kf6 54. Bc8 g5 55. Kh3 Nd3 56. Kg3 Ke5 57. Bd7 Nc5 58. Bc8 Ne4+ 59. Kf3 Nd2+ 60. Kg3 Ke4 61. Bf5+ Ke3 62. Bc8 Ne4+ 63. Kh3 Kf4 0-1

[Event "Early-Titled-Tuesday-Blitz-October-17-2023"]
[Site "Chess.com"]
[Date "2023.10.17"]
[Round "7"]
[White "Happy1712Drummer"]
[Black "ChesscularGodofchess"]
[Result "0-1"]
[WhiteElo "2369"]
[BlackElo "2217"]
[TimeControl "180+1"]
[EndTime "9:21:29 PDT"]
[Termination "ChesscularGodofchess won by checkmate"]

1. e4 c5 2. Nf3 d6 3. Bb5+ Bd7 4. Bxd7+ Qxd7 5. O-O Nf6 6. d3 g6 7. Bf4 Bg7 8. c3 O-O 9. h3 Nc6 10. Nbd2 b5 11.
Qe2 b4 12. d4 bxc3 13. bxc3 cxd4 14. cxd4 Rac8 15. Rab1 Nh5 16. Be3 e5 17. d5 Nd4 18.
Qd3 Nxf3+ 19. Nxf3 f5 20. exf5 gxf5 21. Ng5 e4 22.
Qa6 f4 23. Rb7 Qf5 24. Ne6 fxe3 25. fxe3 Qxf1+ 26. Qxf1 Rxf1+ 27. Kxf1 Rc1+ 28. Ke2 Rc2+ 29. Kf1 Ng3+ 30. Kg1 Rc1+ 31. Kf2 Be5 32. Rb8+ Kf7 33.
Rb7+ Kf6 34. Nf4 Bxf4 35. exf4 Nf5 36. Rxh7 Rc2+ 37. Ke1 Rxg2 38. Rxa7 e3 39. Ra3 Rh2 40. Rd3 Rxa2 41. Rb3 Rh2 42. Rb8 Nd4 43. Rf8+ Ke7 44.
Rh8 Rh1# 0-1

[Event "Early-Titled-Tuesday-Blitz-October-17-2023"]
[Site "Chess.com"]
[Date "2023.10.17"]
[Round "7"]
[White "TigrVShlyape"]
[Black "SashaKuzhilniy"]
[Result "1/2-1/2"]
[WhiteElo "2830"]
[BlackElo "2629"]
[TimeControl "180+1"]
[EndTime "9:21:32 PDT"]
[Termination "Game drawn by repetition"]

1. d4 g6 2. e4 Bg7 3. c3 d6 4. Bg5 h6 5. Bh4 Nf6 6. Nd2 e5 7. dxe5 dxe5 8. Ngf3 Nbd7 9. Bc4 O-O 10. O-O Qe7 11.
Re1 Rd8 12. Qc2 a5 13. a4 g5 14. Bg3 Nh5 15. Nf1 Nb6 16. Bb3 Nf4 17. Ne3 Bd7 18. h4 g4 19. Nd2 h5 20. Ndc4 Nxc4 21. Bxc4 Bf6 22. Bxf4 exf4 23. Nd5 Qe5 24. Nxf6+ Qxf6 25. e5 Bf5 26. exf6 Bxc2 27. Re7 Bg6 28. Rxc7 Rac8 29.
Rxc8 Rxc8 30. Bd5 Rd8 31. c4 b6 32. g3 f3 33. Kf1 Rd6 34. Ke1 Rxf6 35. Kd2 Rd6 36. Re1 Kf8 37. Kc3 Bf5 38. Re5 Bg6 39. b4 axb4+ 40. Kxb4 f6 41. Re6 Rxe6 42. Bxe6 Ke7 43.
Bd5 Kd6 44. Kb5 Kc7 45. a5 Be8+ 46. Kb4 bxa5+ 47. Kxa5 Bg6 48. c5 Be8 49. Kb4 Bg6 50. Kc4 Kd7 51. Kd4 Kc7 52. Ke3 Kd7 53. Kf4 Kc7 54.
Be4 Bxe4 55. Kxe4 Kc6 56. Kd4 f5 57. Ke5 Kxc5 58. Kxf5 Kd4 59. Kg5 Kd3 60. Kxh5 Ke2 61. Kxg4 Kxf2 62. h5 Kg2 63. h6 f2 64. h7 f1=Q 65. h8=Q Qf3+ 66. Kg5 Qxg3+ 67. Kf5 Qd3+ 68. Ke6 Qc4+ 69. Kd6 Qb4+ 70. Kd5 Qb3+ 71. Kd6 Qb4+ 72. Kd5 Qb5+ 73. Kd6 Qb6+ 74. Kd5 Qb5+ 75. Kd6 Qb6+ 76. Kd5 Qb5+ 1/2-1/2

[Event "Early-Titled-Tuesday-Blitz-October-17-2023"]
[Site "Chess.com"]
[Date "2023.10.17"]
[Round "7"]
[White "KIEV-1"]
[Black "lluiss"]
[Result "1-0"]
[WhiteElo "2282"]
[BlackElo "2141"]
[TimeControl "180+1"]
[EndTime "9:21:32 PDT"]
[Termination "KIEV-1 won on time"]

1. e4 c5 2. Nf3 d6 3. d4 cxd4 4. Nxd4 Nf6 5. Nc3 g6 6. f3 Bg7 7. Be3 O-O 8. Qd2 Nc6 9. O-O-O Nxd4 10. Bxd4 Be6 11. g4 Qa5 12. a3 Rfc8 13. h4 Bc4 14. h5 Bxf1 15. Rdxf1 Rc4 16. hxg6 hxg6 17. g5 Rxd4 18. Qxd4 Qxg5+ 19. Kb1 Qa5 20. Qc4 Nd7 21. Nd5 e6 22. Nf4 Ne5 23. Qb3 Re8 24. Rd1 b5 25. Rxd6 Nc4 26. Rhd1 Nxd6 27. Rxd6 Be5 28. Rd7 Bxf4 29.
Qd3 Be5 30. Qe3 Qb6 31. Qd2 Rc8 32. f4 Bf6 33. e5 Bg7 34. Re7 Bf8 35. Rd7 Qc6 36.
c3 a5 37. Qd3 b4 38. axb4 axb4 39. cxb4 Bxb4 40. Ka2 Qa4+ 41. Kb1 Ra8 42. Rd8+ Kg7 43. Rxa8 Qa1+ 44. Kxa1 1-0